 Dungeon Crawl Stone Soup version 0.20-a0-1086-g4bd2f5b (console) character file.

16 nht the Vexing (level 2, 0/11 HPs)
             Began as a Felid Enchanter on May 1, 2017.
             Slain by a goblin
             ... wielding a +0 club
              (4 damage)
             ... on level 1 of the Dungeon.
             The game lasted 00:01:23 (881 turns).

nht the Vexing (Felid Enchanter)                     Turns: 881, Time: 00:01:24

Health: 0/11       AC:  1    Str:  4    XL:     2   Next: 41%
Magic:  6/6        EV: 18    Int: 16    God:
Gold:   37         SH:  0    Dex: 16    Spells: 2/5 levels left
                                        Lives:  0   Deaths: 0

rFire    . . .     SeeInvis +     - Unarmed
rCold    . . .     Gourm    .   (shield unavailable)
rNeg     . . .     Faith    .   (armour unavailable)
rPois    .         Spirit   .   (helmet unavailable)
rElec    .         Reflect  .   (cloak unavailable)
rCorr    .         Harm     .   (gloves unavailable)
MR       .....                  (boots unavailable)
Stlth    +++.......             (no amulet)
Regen    0.1/turn               h - ring of flight
MPRegen  0.1/turn               (no ring)

@: quick
A: no armour, no weapons or thrown items, stealth, claws 1, fangs 3, see
invisible, carnivore 3, speed 1, shaggy fur 1, slow metabolism 1, sharp paws
a: Evoke Flight


You were on level 1 of the Dungeon.
You were completely stuffed.

You visited 1 branch of the dungeon, and saw 2 of its levels.

You collected 37 gold pieces.

Inventory:

Jewellery
 h - a ring of flight (left paw)
Scrolls
 c - 2 scrolls of amnesia {unknown}
 d - a scroll of recharging {unknown}
 f - a scroll of identify {unknown}
Potions
 e - a potion of invisibility {unknown}
Books
 a - a book of Maledictions

   Spells                             Type                      Level
   a - Corona                         Hexes                        1
   b - Ensorcelled Hibernation        Hexes/Ice                    2
   c - Confuse                        Hexes                        3
   d - Tukima's Dance                 Hexes                        3
   e - Dazzling Spray                 Conjuration/Hexes            3
Comestibles
 b - a meat ration
 g - 2 chunks of flesh


   Skills:
 - Level 2.6 Dodging
 - Level 4.0 Stealth
 + Level 2.4 Unarmed Combat
 - Level 2.0 Spellcasting
 - Level 4.4 Hexes


You had 2 spell levels left.
You knew the following spells:

 Your Spells              Type           Power        Failure   Level  Hunger
a - Corona                Hex            ###....      3%          1    #......
b - Ensorcelled Hibernat  Hex/Ice        #.....       13%         2    ###....


Dungeon Overview and Level Annotations

Branches:
Dungeon (2/15)

Altars:


Innate Abilities, Weirdness & Mutations

You cannot wear armour.
You are incapable of wielding weapons or throwing items.
Your paws allow you to move quietly. (Stealth)
You have sharp claws.
You have razor-sharp teeth.
You have supernaturally acute eyesight. (SInv)
You are carnivorous and can eat meat at any time.
You cover ground quickly.
You are covered in fur. (AC +1)
You have a slow metabolism.
Your sharp claws are effective at attacking unaware monsters.


Message History

The goblin shouts!
The goblin completely misses you.
You scratch the goblin. Your claw misses the goblin.
The goblin is severely wounded.
The goblin misses you.
You barely miss the goblin.
The goblin is severely wounded.
The goblin hits you with a club.
You barely miss the goblin.
The goblin is severely wounded.
The goblin hits you with a club.
You completely miss the goblin.
The goblin is moderately wounded.
You closely miss the goblin.
The goblin is moderately wounded.
The goblin hits you with a club.
You scratch the goblin but do no damage.
The goblin is moderately wounded.
The goblin hits you with a club.
You die... ███████

█.....█ █.....█ █.....█
█..).$███ ....
███████........
.....................█
.........███████.g...█
.........██.....@....█
.........██.████.....█
...>.....██.█ █......█
.........██.█ █.██████
............███.█..
.............██.█.█
...........>..█.█.███████
███████.███.█.█.█.█.....█
█.█ █.......█.███.██████.


You could see a goblin.

Vanquished Creatures
  A giant cockroach (D:1)
  3 goblins (D:1)
  2 hobgoblins (D:1)
  3 jackals (D:1)
  A bat (D:1)
  3 frilled lizards (D:1)
  A kobold (D:1)
  2 rats (D:1)
16 creatures vanquished.

Notes
Turn   | Place    | Note
-------+----------+-------------------------------------------
     0 | D:1      | nht the Felid Enchanter began the quest for the Orb.
     0 | D:1      | Reached XP level 1. HP: 7/7 MP: 4/4
   384 | D:1      | Reached XP level 2. HP: 11/11 MP: 6/6
   392 | D:1      | Learned a level 2 spell: Ensorcelled Hibernation
   881 | D:1      | Slain by a goblin

Vault maps used:
D:1:      mainiacjoe_arrival_reflecting_pool
D:2:      nicolae_overflow_crystal_walls, first_bread

Skill      XL: |  1 |
---------------+----+-----
Unarmed Combat | 2 |  2.4
Dodging        | |  2.6
Stealth        | |  4.0
Spellcasting   | |  2.0
Hexes          | |  4.4

Action                   || total
-------------------------++-------
Melee: Unarmed           ||    50
       Bite              ||     2
 Stab: Sleeping          ||     1
  Eat: Chunk             ||     7
Armor: Skin              ||     2
Dodge: Dodged            ||    32
